 Dungeon Crawl Stone Soup version 0.27-a0-1612-gde56a17b89 (webtiles) character file.

Game seed: 4342555718430844208

102 siradein the Grave Robber (level 4, -1/30 HPs)
             Began as a Demonspawn Necromancer on July 22, 2021.
             Frozen to death by an endoplasm (4 damage)
             ... on level 2 of the Dungeon.
             The game lasted 00:06:35 (2073 turns).

siradein the Grave Robber (Demonspawn Necromancer)  Turns: 2073, Time: 00:06:36

Health: -1/30      AC:  4    Str:  8    XL:     4   Next: 50%
Magic:  9/9        EV: 12    Int: 18    God:
Gold:   29         SH:  0    Dex: 13    Spells: 5/9 levels left

rFire    . . .     SeeInvis .   g - +0 rapier (protect)
rCold    . . .     Faith    .   (no shield)
rNeg     . . .     Spirit   .   a - +0 robe
rPois    .         Reflect  .   j - +0 helmet
rElec    .         Harm     .   h - +0 cloak
rCorr    .         Rampage  .   (no gloves)
Will     .....                  (no boots)
Stlth    ++........             (no amulet)
HPRegen  0.10/turn              (no ring)
MPRegen  0.11/turn              (no ring)

@: no status effects
A: hooves 2, spiny 1
a: no special abilities


You were on level 2 of the Dungeon.
You visited 1 branch of the dungeon, and saw 3 of its levels.

You collected 29 gold pieces.

Inventory:

Hand Weapons
 g - a +0 rapier of protection (weapon)
Armour
 a - a +0 robe (worn)
 h - a +0 cloak (worn)
 j - a +0 helmet (worn)
Scrolls
 c - 2 scrolls of enchant weapon {unknown}
 i - a scroll of identify {unknown}
Potions
 b - a potion of cancellation {unknown}
 d - a potion of ambrosia {unknown}
 e - a potion of curing {unknown}
 f - a potion of mutation {unknown}


   Skills:
 - Level 1.7 Dodging
 - Level 1.7 Stealth
 + Level 3.4 Spellcasting
 + Level 5.5 Necromancy


You had 5 spell levels left.
You knew the following spells:

 Your Spells              Type           Power      Damage    Failure   Level
a - Pain                  Necr           92%        1d8       1%          1
b - Vampiric Draining     Necr           11%        2d7       4%          3

Your spell library contained the following spells:

 Spells                   Type           Power      Damage    Failure   Level
 Animate Skeleton         Necr           46%        N/A       1%          1
 Animate Dead             Necr           11%        N/A       16%         4
 Agony                    Necr           23%        N/A       41%         5


Dungeon Overview and Level Annotations

Branches:
Dungeon (3/15)

Altars:
Sif Muna


Innate Abilities, Weirdness & Mutations

You have hoof-like feet.
You are partially covered in sharp spines.


Message History

The orc shouts!
The phantom is struck by your spines. The phantom hits you.
The dart slug launches a dart at you. The slug dart misses you.
The phantom hits you.
* * * LOW HITPOINT WARNING * * *
The phantom blinks!
You blink.
The dart slug launches a dart at you.
The slug dart hits you but does no damage.
The phantom hits you!
* * * LOW HITPOINT WARNING * * *
You hit the orc.
Your weapon exudes an aura of protection.
The orc is severely wounded.
The phantom barely misses you. The orc is struck by your spines.
The orc hits you but does no damage.
You closely miss the orc.
The orc is almost dead.
The bat hits you but does no damage. The phantom is struck by your spines.
The phantom hits you but does no damage.
The orc is struck by your spines.
You kill the orc!
The endoplasm barely misses you.
Things that are here:
a +0 club; a +0 leather armour The bat is struck by your spines.
You kill the bat!
Found a stone staircase leading down.
The phantom hits you but does no damage.
You see here a hobgoblin corpse.
There is a stone staircase leading up here.
The endoplasm misses you.
The phantom hits you but does no damage.
You climb upwards.
There is a stone staircase leading down here.
The endoplasm freezes you.
You are frozen.
* * * LOW HITPOINT WARNING * * *
The endoplasm freezes you.
You are frozen.
You die...

####.....###.#+#+#####
#.....# #.......#
#.....# ##......#
#.....####......#
#...............#
#...........#'###
#..)........#.#
###.........#.#
#..........@#
#.........J.#
#..........W#
#........##.#
#........##.#
#############


You could see a phantom and an endoplasm.

Vanquished Creatures
  Robin (D:2)
  2 adders
  A worm (D:2)
  A dart slug (D:3)
  5 orcs (D:3)
  4 ball pythons
  7 bats
  3 endoplasms
  2 giant cockroaches (D:2)
  7 hobgoblins
  2 frilled lizards
  13 goblins
  4 kobolds
  7 rats
59 creatures vanquished.

Notes
Turn   | Place    | Note
-------+----------+-------------------------------------------
     0 | D:1      | siradein the Demonspawn Necromancer began the quest for the
                  | Orb.
     0 | D:1      | Reached XP level 1. HP: 13/13 MP: 3/3
   489 | D:1      | Gained mutation: You are partially covered in sharp spines.
                  | [demonic ancestry]
   489 | D:1      | Reached XP level 2. HP: 16/19 MP: 1/5
  1166 | D:2      | Gained mutation: You have large cloven feet. [demonic
                  | ancestry]
  1166 | D:2      | Reached XP level 3. HP: 22/24 MP: 4/7
  1202 | D:2      | You fall into a shaft and drop 1 floor!
  1216 | D:3      | Learned a level 3 spell: Vampiric Draining
  1219 | D:3      | Reached skill level 5 in Necromancy
  1647 | D:2      | Found a shimmering blue altar of Sif Muna.
  1783 | D:2      | Noticed Robin
  1797 | D:2      | Gained mutation: You have hoof-like feet. [demonic
                  | ancestry]
  1797 | D:2      | Reached XP level 4. HP: 24/30 MP: 8/8
  1810 | D:2      | Killed Robin
  2037 | D:3      | Noticed a phantom
  2051 | D:3      | HP: 1/30 [phantom (7)]
  2073 | D:2      | Frozen to death by an endoplasm

Illustrated notes

Levels and vault maps discovered:
D:1:      dpeg_arrival_houses_and_road, layout_rooms
D:2:      layout_basic, basic_altar, minmay_misc_feat_plants, uniq_robin
D:3:      layout_basic, lemuel_doored_altar, minivault_25

Skill      XL: |  1  2  3 |
---------------+----------+-----
Necromancy     | 5 |  5.5
Spellcasting   | 3 |  3.4
Dodging        | |  1.7
Stealth        | |  1.7

Action                   |  1- 3 |  4- 6 || total
-------------------------+-------+-------++-------
Melee: Unarmed           |     3 |       ||     3
       Rapier            |    22 |    30 ||    52
       Kick              |     1 |     3 ||     4
 Cast: Pain              |    60 |     1 ||    61
       Vampiric Draining |       |     1 ||     1
Armor: Robe              |     8 |    16 ||    24
Dodge: Dodged            |    17 |    20 ||    37

Table legend: (Time is in decaauts)
 A = Elapsed time spent in this place.
 B = Non-inter-level travel time spent in this place.
 C = Inter-level travel time spent in this place.
 D = Time resting spent in this place.
 E = Time spent auto-exploring this place.
 F = Levels seen in this place.
 G = Mean time per level.
                   A        B        C        D        E       F      G
               +--------+--------+--------+--------+--------+-----+--------+
         Total |   2084 |   2060 |     24 |      0 |   1725 |   3 |  694.7 |
       Dungeon |   2084 |   2060 |     24 |      0 |   1725 |   3 |  694.7 |
               +--------+--------+--------+--------+--------+-----+--------+

Top non-repeatable levels by time:
     D:2: 1266 daAuts
     D:1: 612 daAuts
     D:3: 205 daAuts
